 Dungeon Crawl Stone Soup version 0.31-a0-543-geaa9c7a2c0 (webtiles) character file.

Game seed: 12912981274134480564

2724 GordonOverkill the Prestidigitator (level 9, 0/36 (47) HPs)
             Began as a Vine Stalker Delver on Aug 15, 2023.
             Was a Believer of Makhleb.
             Slain by a wight
             ... wielding a +4 dire flail
              (10 damage)
             ... on level 7 of the Dungeon.
             The game lasted 00:21:44 (5923 turns).

GordonOverkill the Prestidigitator (VSDe)           Turns: 5923, Time: 00:21:45

HP:   0/36 (47)     AC: 14    Str: 19    XL:     9   Next: 67%
MP:   0/13          EV:  6    Int: 10    God:    Makhleb [**....]
Gold: 352           SH:  0    Dex: 16    Spells: 8/8 levels left

rFire   . . .        o - +2 long sword (freeze)
rCold   . . .        (no shield)
rNeg    . . .        j - +0 plate armour
rPois   .            (no helmet)
rElec   .            u - +1 cloak
rCorr   .            (no gloves)
SInv    .            v - +0 pair of boots
Will    ++...        (no amulet) Stlth
                     r - ring of willpower
HPRegen 1.06/turn    (no ring)
MPRegen 0.13/turn

%: guardian spirit
@: heavily drained
A: fangs 3, regeneration 1, magic shield, antimagic bite, no potion heal 2
a: Renounce Religion, Minor Destruction


You were on level 7 of the Dungeon.
You worshipped Makhleb.
Makhleb was pleased with you.
You visited 1 branch of the dungeon, and saw 8 of its levels.

You collected 380 gold pieces.
You spent 28 gold pieces at shops.

Inventory:

Hand Weapons
 o - a +2 long sword of freezing (weapon)
 w - a +2 short sword of venom
Missiles
 y - 8 boomerangs (quivered)
Armour
 j - a +0 plate armour (worn)
 u - a +1 cloak (worn)
 v - a +0 pair of boots (worn)
Magical Staves
 m - a staff of poison
Jewellery
 e - a ring of ice
 r - a ring of willpower (left hand)
Wands
 g - a wand of digging (3)
 l - a wand of mindburst (1)
Scrolls
 d - 4 scrolls of revelation
 i - 3 scrolls of immolation {unknown}
 k - 4 scrolls of enchant armour {unknown}
 p - a scroll of brand weapon {unknown}
 q - 2 scrolls of acquirement {unknown}
 s - 2 scrolls of fear
Potions
 a - a potion of ambrosia {unknown}
 b - 2 potions of curing
 f - a potion of haste


   Skills:
 - Level 5.0 Fighting
 - Level 3.0(3.3) Short Blades
 - Level 2.2(3.0) Long Blades
 - Level 2.0 Throwing
 + Level 3.2 Armour
 - Level 1.5 Dodging
 - Level 6.0 Stealth
 + Level 5.2 Invocations
 - Level 8.0 Evocations


You had 8 spell levels left.
You didn't know any spells.
Your spell library contained the following spells:

 Spells                   Type           Power      Damage    Failure   Level
 Foxfire                  Conj/Fire      0%         2x1d4     100%        1
 Shock                    Conj/Air       0%         1d3       100%        1
 Scorch                   Fire           0%         2d5       100%        2
 Mephitic Cloud           Conj/Pois/Air  0%         N/A       100%        3
 Swiftness                Air            0%         N/A       100%        3
 Tukima's Dance           Hex            0%         N/A       100%        3
 Airstrike                Air            0%         2d(0-16)  100%        4
 Flame Wave               Conj/Fire      0%         2d4       100%        4
 Passage of Golubria      Tloc           0%         N/A       100%        4
 Irradiate                Conj/Tmut      0%         3d11      100%        5
 Yara's Violent Unravell  Hex/Tmut       0%         3d3       100%        5
 Leda's Unmaking          Conj/Erth      0%         9d1       100%        6
 Starburst                Conj/Fire      0%         6d3       100%        6
 Summon Cactus Giant      Summ           0%         N/A       100%        6


Dungeon Overview and Level Annotations

Branches:
Dungeon (8/15)             Temple (0/1) D:5
   Lair: D:8-11

Altars:
Ashenzari
Dithmenos
Hepliaklqana
Makhleb
Sif Muna
Trog
Uskayaw
Vehumet
Wu Jian
The Shining One

Shops:
D:2 ?   D:6 *

Portals:
Abyss: D:5

Annotations:
D:5 2 transporters, Scrael's ghost, novice DsSh
D:7 exclusion: howler monkey


Innate Abilities, Weirdness & Mutations

You have razor-sharp teeth.
Your natural rate of healing is unusually fast.
When hurt, damage is shared between your health and your magic reserves.
Your bite disrupts and absorbs the magic of your enemies.
Potions cannot restore your health.


Message History

a +0 war axe; a +0 robe Your +2 long sword of freezing stops glowing.
Your +2 short sword of venom begins to drip with poison!
w - a +2 short sword of venom (weapon)
Things that are here:
a +0 halberd; a +0 robe HP restored.
A wight comes into view. It is wielding a +4 dire flail.
Your +2 short sword of venom stops dripping with poison.
Your +2 long sword of freezing glows with a cold blue light!
o - a +2 long sword of freezing (weapon)
You closely miss the wight.
The wight hits you with a +4 dire flail!
You feel drained.
The wight hits you with a +4 dire flail.
You feel drained.
You slash the wight!
The wight is moderately damaged.
The wight hits you with a +4 dire flail!
* * * LOW HITPOINT WARNING * * *
You feel drained.
* * * LOW HITPOINT WARNING * * *
You barely miss the wight. You bite the wight. You drain its power.
You feel invigorated.
The wight is severely damaged.
The wight hits you with a +4 dire flail.
* * * LOW HITPOINT WARNING * * *
You feel drained.
Okay, then.
You hit the wight but do no damage.
The wight is severely damaged.
The wight hits you with a +4 dire flail.
* * * LOW HITPOINT WARNING * * *
You feel drained.
You hit the wight.
The wight is almost destroyed.
The wight hits you with a +4 dire flail!
* * * LOW HITPOINT WARNING * * *
The wight hits you with a +4 dire flail!
You die...

#....##
###.....#
#........
#.......
##.......
........#
#..z.# #@#
####.#####.#
#..........#
#.##)####..#
#.##)#
#####.##.## #.
..#.......###
#h
#.#.#.##.....
#.
#.#.#.#...###.#


You could see a wight.

Vanquished Creatures
  A cyclops (D:7)
  A steam dragon (D:7)
  A water moccasin (D:5)
  An orc warrior (D:6)
  4 ice beasts
  A black bear (D:6)
  A sky beast (D:7)
  2 ogres
  A phantom (D:4)
  A kobold brigand (D:7)
  3 scorpions (D:5)
  5 wights
  2 howler monkeys
  A hound (D:3)
  3 jellies
  2 orc priests (D:7)
  A gnoll bouda (D:6)
  Terence (D:3)
  An iguana (D:5)
  A sleepcap (D:5)
  6 orc wizards
  7 gnolls
  6 adders
  A white imp (D:6)
  A worm (D:2)
  9 orcs
  8 ball pythons
  4 endoplasms
  3 giant cockroaches
  4 goblins
  3 hobgoblins
  27 kobolds
  5 quokkas
  3 bats
  2 rats
123 creatures vanquished.

Notes
Turn   | Place    | Note
-------+----------+-------------------------------------------
     0 | D:5      | GordonOverkill the Vine Stalker Delver began the quest for
                  | the Orb.
     0 | D:5      | Reached XP level 1. HP: 11/11 MP: 2/2
   123 | D:7      | Noticed a howler monkey
   161 | D:7      | Noticed a kobold brigand
   214 | D:8      | Noticed an orc wizard
   214 | D:8      | Noticed an orc priest
   214 | D:8      | Noticed an orc priest
   269 | D:6      | Noticed an orc wizard
   291 | D:6      | Noticed a gnoll bouda
   317 | D:4      | Found a broken altar of Ashenzari.
   317 | D:4      | Found a hazy altar of Hepliaklqana.
   317 | D:4      | Found a burning altar of Makhleb.
   317 | D:4      | Found a radiant altar of Vehumet.
   325 | D:4      | Became a worshipper of Makhleb the Destroyer
   361 | D:5      | Found a staircase to the Ecumenical Temple.
   371 | D:5      | Noticed an iguana
   391 | D:5      | Noticed a water moccasin
   401 | D:5      | Noticed an iron imp
   406 | D:5      | Found a one-way gate to the infinite horrors of the Abyss.
   447 | D:4      | Reached skill level 1 in Invocations
   447 | D:4      | Reached XP level 2. HP: 8/16 MP: 3/3
   610 | D:4      | Reached skill level 1 in Evocations
   628 | D:4      | Noticed a phantom
   662 | D:5      | Found a transporter.
   698 | D:4      | Found an ornate altar of the Wu Jian Council.
   887 | D:3      | Noticed Terence
   893 | D:3      | Killed Terence
   894 | D:3      | Reached XP level 3. HP: 19/19 MP: 3/5
   898 | D:3      | Reached skill level 2 in Evocations
   898 | D:3      | Gained mutation: Your natural rate of healing is unusually
                  | fast. [Vine Stalker growth]
   898 | D:3      | Reached XP level 4. HP: 23/23 MP: 3/6
  1119 | D:1      | Reached * piety under Makhleb
  1958 | D:2      | Found a faded altar of an unknown god.
  1968 | D:2      | Reached XP level 5. HP: 27/27 MP: 6/8
  1986 | D:2      | Got Plato's Anthology of Cinders
  2128 | D:2      | Found Loash's Magic Scroll Shoppe.
  2131 | D:2      | Bought a scroll of identify for 28 gold pieces
  2402 | D:3      | Found a hide-covered altar of Uskayaw.
  3207 | D:4      | Got the Discursus on Battling and the Gestalt
  3257 | D:4      | Killed a phantom
  3266 | D:5      | Noticed an ice beast
  3281 | D:4      | Reached skill level 3 in Evocations
  3339 | D:5      | Noticed Scrael's ghost (novice DsSh)
  3363 | D:4      | Reached XP level 6. HP: 32/32 MP: 9/9
  3374 | D:5      | Killed an ice beast
  3451 | D:5      | Reached skill level 4 in Evocations
  3453 | D:5      | Noticed a small abomination
  3595 | D:5      | Found a transporter.
  3607 | D:5      | Reached skill level 5 in Evocations
  3607 | D:5      | Reached XP level 7. HP: 18/36 MP: 10/10
  3824 | D:5      | Reached skill level 1 in Armour
  4191 | D:5      | Gained mutation: You have razor-sharp teeth. [Vine Stalker
                  | growth]
  4191 | D:5      | Reached XP level 8. HP: 42/42 MP: 11/11
  4251 | D:6      | Found a bloodstained altar of Trog.
  4340 | D:6      | Reached skill level 1 in Throwing
  4420 | D:6      | Reached skill level 5 in Fighting
  4673 | D:6      | Reached ** piety under Makhleb
  4679 | D:6      | Reached skill level 1 in Long Blades
  4726 | D:6      | Found a glowing golden altar of the Shining One.
  4819 | D:6      | Found a shadowy altar of Dithmenos.
  4985 | D:6      | Found Jygats Wiuco's General Store.
  5060 | D:6      | Reached skill level 6 in Evocations
  5060 | D:6      | Reached XP level 9. HP: 36/47 MP: 8/13
  5106 | D:6      | Found a shimmering blue altar of Sif Muna.
  5315 | D:7      | Reached skill level 5 in Invocations
  5547 | D:7      | Noticed a cyclops
  5552 | D:7      | Killed a cyclops
  5553 | D:7      | Reached skill level 7 in Evocations
  5681 | D:7      | Reached skill level 8 in Evocations
  5923 | D:7      | Slain by a wight

Illustrated notes

Levels and vault maps discovered:
D:1:      nzn_arrival_crosshair, layout_loops_ring
D:2:      layout_loops_ring, serial_shops, nicolae_shop_rolled_up,
          shapermc_ecumenical_altar_rom_forum, amcnicky_mini_pool_small,
          kennysheep_flooded_box
D:3:      layout_loops_ring, nicolae_uskayaw_dance_hall, uniq_terence
D:4:      layout_loops_ring, nicolae_wu_jian_glorious_leap,
          nicolae_overflow_hidden_temple, kennysheep_doodads
D:5:      layout_basic, minmay_temple_entry_butterflies,
          gammafunk_ghost_abyssal_escape
D:6:      layout_gridville, kennysheep_orc_sif_temple, lemuel_round_altar,
          marbit_many_paths, mainiacjoe_overflow_paths, serial_shops, shop,
          serial_rivers, chequers_serial_rivers_small_a,
          chequers_serial_rivers_small_a, chequers_serial_rivers_room_b,
          chequers_serial_rivers_room_a
D:7:      kennysheep_kobold_camp, layout_loops_corners, serial_shops,
          nicolae_shop_rolled_up
D:8:      layout_basic, mainiacjoe_overflow_alcove_2, kennysheep_mini_moat

Skill      XL: |  1  2  3  4  5  6  7  8  9 |
---------------+----------------------------+-----
Invocations    | 1 2 3 4 5 |  5.2
Evocations     | 1 2 3 5 6 8 |  8.0
Short Blades   | 2 3 |  3.0
Fighting       | 3 4 5 |  5.0
Armour         | 2 3 |  3.2
Throwing       | 2 |  2.0
Long Blades    | 2 |  2.2
Dodging        | |  1.5
Stealth        | |  6.0

Action                     |  1- 3 |  4- 6 |  7- 9 || total
---------------------------+-------+-------+-------++-------
  Melee: Short sword       |    33 |   161 |   120 ||   314
         Bite              |     4 |    36 |    86 ||   126
         Punch             |     1 |     2 |     3 ||     6
         Long sword        |       |       |    68 ||    68
         Dagger            |       |       |    73 ||    73
  Throw: Boomerang         |       |       |    13 ||    13
  Evoke: Wand              |     3 |    14 |    19 ||    36
    Use: Scroll            |     1 |     1 |     3 ||     5
         Potion            |       |     1 |       ||     1
   Stab: Sleeping          |     2 |     3 |       ||     5
 Armour: Leather armour    |     1 |    10 |       ||    11
         Chain mail        |       |    54 |    69 ||   123
         Plate armour      |       |       |    43 ||    43
  Dodge: Dodged            |    19 |    59 |    66 ||   144

Table legend: (Time is in decaauts)
 A = Elapsed time spent in this place.
 B = Non-inter-level travel time spent in this place.
 C = Inter-level travel time spent in this place.
 D = Time resting spent in this place.
 E = Time spent auto-exploring this place.
 F = Levels seen in this place.
 G = Mean time per level.
                   A        B        C        D        E       F      G
               +--------+--------+--------+--------+--------+-----+--------+
         Total |   5896 |   5760 |    136 |    554 |   3231 |   8 |  737.0 |
       Dungeon |   5896 |   5760 |    136 |    554 |   3231 |   8 |  737.0 |
               +--------+--------+--------+--------+--------+-----+--------+

Top non-repeatable levels by time:
     D:5: 1189 daAuts
     D:4: 1094 daAuts
     D:6: 931 daAuts
     D:7: 843 daAuts
     D:1: 694 daAuts
     D:2: 616 daAuts
     D:3: 525 daAuts
     D:8: 1 daAuts
